 Dungeon Crawl Stone Soup version 0.17.1-2-g5865329 (webtiles) character file.

279 Flanowski the Ducker (level 6, -5/47 HPs)
             Began as a Merfolk Gladiator on Jan 13, 2016.
             Killed by nerve-wracking pain
             ... invoked by an orc priest
              (14 damage)
             ... on level 3 of the Dungeon.
             The game lasted 00:04:28 (2799 turns).

Flanowski the Ducker (Merfolk Gladiator)            Turns: 2799, Time: 00:04:28

Health: -5/47      AC:  4    Str: 17    XL:     6   Next: 26%
Magic:  6/6        EV: 15    Int:  8    God:
Gold:   110        SH:  0    Dex: 14    Spells: 0 memorised, 5 levels left

rFire  . . .     SeeInvis .     a - +0 trident
rCold  . . .     Clarity  .     b - +0 leather armour
rNeg   . . .     SustAt   .     (no shield)
rPois  .         Gourm    .     c - +0 helmet
rElec  .         Spirit   .     (no cloak)
rCorr  .         Warding  .     (no gloves)
rMut   .         Stasis   .     (no boots)
MR     .....                    (no amulet)
Stlth  ++........               (no ring)
                                (no ring)

@: not resistant to hostile enchantments, unstealthy
A: change form in water, swift swim
a: no special abilities


You were on level 3 of the Dungeon.
You were hungry.

You visited 1 branch of the dungeon, and saw 3 of its levels.

You collected 110 gold pieces.

Inventory:

Hand Weapons
 a - a +0 trident (weapon)
Missiles
 d - 3 throwing nets (quivered)
Armour
 b - a +0 leather armour (worn)
 c - a +0 helmet (worn)
Wands
 g - a wand of cold (4)
Scrolls
 f - 2 scrolls of teleportation
 k - a scroll of identify
 p - 2 scrolls of remove curse
Potions
 j - a potion of might {unknown}
 m - a potion of brilliance {unknown}
Comestibles
 e - 2 bread rations


   Skills:
 + Level 3.1 Fighting
 + Level 5.8 Polearms
 - Level 2.0 Throwing
 + Level 2.0 Armour
 + Level 6.1 Dodging
 - Level 2.1 Stealth


You had 5 spell levels left.
You didn't know any spells.

Dungeon Overview and Level Annotations

Branches:
Dungeon (3/15)

Altars:


Message History

The orc priest is severely wounded.
You puncture the orc priest!
You kill the orc priest!
Your Armour skill increases to level 2!
You closely miss the orc priest. The orc priest barely misses you.
You completely miss the orc priest.
The orc priest invokes the aid of Beogh against you.
Pain shoots through your body!
You hit the orc priest but do no damage.
The orc priest mumbles some strange prayers to Beogh against you.
Something smites you!
* * * LOW HITPOINT WARNING * * *
You are too injured to fight recklessly!
You are too injured to fight recklessly!
You are too injured to fight recklessly!
You are too injured to fight recklessly!
You closely miss the orc priest.
The orc priest invokes the aid of Beogh against you.
Pain shoots through your body!
You die...

* ### * #.# *
#.#************ *
#..,,,,,,,,,,,* *
#.#**********,* * #.# *,,,*
* #.# *,*** * #@# *,* * #o#
*,*
*****###########o######***,*
,,,,,..............o.o.o,,,*
#########....###..o..o..,,,*
.............# #########**,*
......###....# *,*
......'.#....# *,*
......#.#....# *,*


You could see an orc priest and an orc.

Vanquished Creatures
  2 scorpions (D:3)
  2 orc priests (D:3)
  Natasha (D:3)
  2 adders (D:3)
  3 oozes
  7 orcs (D:3)
  3 giant cockroaches
  6 goblins
  5 hobgoblins (D:2)
  A quokka (D:2)
  A ball python (D:2)
  7 bats
  4 giant geckos
  A giant newt (D:1)
  11 kobolds
  10 rats
66 creatures vanquished.

Notes
Turn   | Place    | Note
--------------------------------------------------------------
     0 | D:1      | Flanowski the Merfolk Gladiator began the quest for the Orb.
     0 | D:1      | Reached XP level 1. HP: 16/16 MP: 1/1
   187 | D:1      | Reached XP level 2. HP: 22/22 MP: 2/2
   249 | D:1      | Reached skill level 1 in Stealth
   581 | D:2      | Reached XP level 3. HP: 28/28 MP: 3/3
  1169 | D:3      | Reached skill level 5 in Dodging
  1205 | D:3      | Reached XP level 4. HP: 23/34 MP: 4/4
  1345 | D:3      | Reached skill level 5 in Polearms
  1812 | D:3      | Reached skill level 1 in Armour
  1829 | D:3      | Noticed a scorpion
  1859 | D:3      | Killed a scorpion
  1859 | D:3      | Reached XP level 5. HP: 24/39 MP: 5/5
  2117 | D:3      | Noticed Natasha
  2143 | D:3      | Killed Natasha
  2445 | D:3      | Noticed a scorpion
  2459 | D:3      | Killed a scorpion
  2459 | D:3      | Reached skill level 6 in Dodging
  2459 | D:3      | Reached XP level 6. HP: 34/46 MP: 6/6
  2799 | D:3      | Killed from afar by an orc priest

Action                   |  1- 3 |  4- 6 || total
-------------------------+-------+-------++-------
Melee: Trident           |   139 |   140 ||   279
  Use: Potion            |       |     5 ||     5
       Scroll            |       |     5 ||     5
 Stab: Sleeping          |     6 |     3 ||     9
       Distracted        |       |     2 ||     2
       Invisible         |       |     1 ||     1
  Eat: Chunk             |     1 |     5 ||     6
